 Dungeon Crawl Stone Soup version 0.29.1-15-g9cfb28693d (webtiles) character file.

Game seed: 6900623069438330775

59948 Balder the Blocker (level 14, -19/116 HPs)
             Began as a Minotaur Fighter on Apr 13, 2023.
             Was the Champion of Okawaru.
             Killed from afar by a fire dragon (24 damage)
             ... with a blast of flame
             ... while petrified by a basilisk
             ... on level 13 of the Dungeon on Apr 22, 2024.
             The game lasted 03:04:22 (27626 turns).

Balder the Blocker (Minotaur Fighter)              Turns: 27626, Time: 03:04:23

Health: -19/116    AC: 28    Str: 19 (20) XL:     14   Next: 55%
Magic:  19/19      EV:  2    Int:  9      God:    Okawaru [******]
Gold:   990        SH:  0    Dex: 15 (16) Spells: 13/13 levels left

rFire   . . .      SeeInvis +   Y - +4 mace "Yzulin" {venom, rCorr}
rCold   + . .      Faith    .   Z - -1 tower shield of Ufriwec {+Inv Regen+ Stlth-}
rNeg    + + +      Spirit   .   y - +9 plate armour of Wu Jian, Twisting {Int+4}
rPois   ∞          Reflect  +   (helmet restricted)
rElec   .          Harm     .   v - +0 cloak
rCorr   +          Rampage  .   M - +0 pair of gloves
Will    +....                   h - +0 pair of boots
Stlth   ..........              p - amulet of reflection
HPRegen 1.09/turn               Q - ring of resist corrosion
MPRegen 0.16/turn               j - ring of see invisible

@: petrified
A: horns 2, retaliatory headbutt, see invisible, cold resistance 1,
deterioration 1
a: Renounce Religion, Evoke Invisibility, Heroism, Finesse, Duel


You were on level 13 of the Dungeon.
You worshipped Okawaru.
Okawaru was exalted by your worship.
You visited 5 branches of the dungeon, and saw 22 of its levels.

You collected 1683 gold pieces.
You spent 693 gold pieces at shops.

Inventory:

Hand Weapons
 a - the +9 short sword of Ugresch {drain, Int+3}
   (You found it on level 7 of the Dungeon)

   A truly terrible weapon, it drains the life of any living foe it strikes.
   Int:       It affects your intelligence (+3).
 b - the +8 rapier "Turrifakab" {drain, Will+ Str+4 SInv}
   (You bought it in a shop on level 2 of the Orcish Mines)

   A truly terrible weapon, it drains the life of any living foe it strikes.
   Str:       It affects your strength (+4).
   SInv:      It lets you see invisible.
   Will:      It increases your willpower.
 g - a +5 war axe of flaming
 u - the +5 spear "Jelly's Death" {protect, Drain rElec Str+9 Dex+3}
   (You found it on level 3 of the Lair of Beasts)

   It grants its wielder temporary protection when it strikes (+7 to AC).
   Str:       It affects your strength (+9).
   Dex:       It affects your dexterity (+3).
   rElec:     It insulates you from electricity.
   Drain:     It drains your maximum health when unequipped.
 H - a +2 sling of electrocution
 R - the +11 short sword of the Purse {holy, rElec rN+ Dex+2}
   (You found it on level 8 of the Dungeon)

   It has been blessed by the Shining One to cause great damage to the undead
   and demons.
   Dex:       It affects your dexterity (+2).
   rElec:     It insulates you from electricity.
   rN:        It protects you from negative energy.
 T - a +2 whip of venom
 W - a +5 quick blade of protection
 Y - the +4 mace "Yzulin" (weapon) {venom, rCorr}
   (Okawaru gifted it to you on level 1 of the Lair of Beasts)

   It poisons the flesh of those it strikes.
   rCorr:     It protects you from acid and corrosion.
Missiles
 i - 2 throwing nets
 m - 40 poisoned darts
 z - 6 boomerangs (quivered)
Armour
 h - a +0 pair of boots (worn)
 q - a +2 plate armour of poison resistance
 v - a +0 cloak (worn)
 y - the +9 plate armour of Wu Jian, Twisting (worn) {Int+4}
   (You found it on level 5 of the Lair of Beasts)

   Int:       It affects your intelligence (+4).
 M - a +0 pair of gloves (worn)
 Z - the -1 tower shield of Ufriwec (worn) {+Inv Regen+ Stlth-}
   (Okawaru gifted it to you on level 3 of the Lair of Beasts)

   +Inv:      It lets you turn invisible.
   Regen:     It increases your rate of health regeneration.
   Stlth:     It makes you less stealthy.
Jewellery
 j - a ring of see invisible (right hand)
 n - an amulet of the acrobat
 p - an amulet of reflection (around neck)
 D - a ring of flight
 Q - a ring of resist corrosion (left hand)
Wands
 c - a wand of mindburst (6)
 f - a wand of digging (3)
 G - a wand of polymorph (6)
 S - a wand of flame (11)
 X - a wand of paralysis (5)
Scrolls
 k - 2 scrolls of identify
 r - a scroll of teleportation
 s - a scroll of poison
 A - 2 scrolls of silence
 L - a scroll of magic mapping
Potions
 d - a potion of flight
 e - 3 potions of ambrosia
 l - 6 potions of brilliance
 t - 3 potions of invisibility
 x - a potion of degeneration {unknown}
 B - 11 potions of curing
 J - a potion of mutation
 K - 2 potions of haste {unknown}
 N - a potion of cancellation {unknown}
 O - 2 potions of resistance
 V - 4 potions of might
Miscellaneous
 o - a lightning rod (2/4)


   Skills:
 + Level 8.7 Fighting
 * Level 9.4 Short Blades
 + Level 8.3(11.4) Axes
 * Level 10.8(12.0) Maces & Flails
 * Level 6.0(8.1) Polearms
 + Level 0.1(7.8) Staves
 + Level 0.3 Ranged Weapons
 * Level 8.2 Throwing
 * Level 11.6 Armour
 * Level 10.1 Dodging
 * Level 5.5 Stealth
 * Level 11.7 Shields
 * Level 8.0 Invocations


You had 13 spell levels left.
You didn't know any spells.
Your spell library contained the following spells:

 Spells                   Type           Power      Damage    Failure   Level
 Sting                    Tmut/Pois      0%         1d3       100%        1
 Poisonous Vapours        Pois/Air       0%         N/A       100%        2
 Static Discharge         Conj/Air       0%         3-3/arc   100%        2
 Ignite Poison            Fire/Tmut/Pois 0%         N/A       100%        3
 Mephitic Cloud           Conj/Pois/Air  0%         N/A       100%        3
 Dispel Undead            Necr           0%         3d6       100%        4
 Fulminant Prism          Conj/Hex       0%         3d6       100%        4
 Iskenderun's Mystic Bla  Conj/Tloc      0%         2d3       100%        4
 Olgreb's Toxic Radiance  Pois           0%         N/A       100%        4
 Sticky Flame             Conj/Fire      0%         2d3       100%        4
 Alistair's Intoxication  Tmut/Pois      0%         N/A       100%        5
 Blade Hands              Tmut           0%         N/A       100%        5
 Borgnjor's Vile Clutch   Necr/Erth      0%         N/A       100%        5
 Freezing Cloud           Conj/Ice/Air   0%         6-21      100%        5
 Irradiate                Conj/Tmut      0%         3d11      100%        5
 Lee's Rapid Deconstruct  Erth           0%         3d5*      100%        5
 Eringya's Noxious Bog    Tmut/Pois      0%         N/A       100%        6
 Dragon Form              Tmut           0%         N/A       100%        7


Dungeon Overview and Level Annotations

Branches:
Dungeon (13/15)            Temple (1/1) D:4            Lair (5/5) D:10
 Spider (0/4) Lair:2        Slime (0/5) Lair:4          Orc (2/2) D:12
    Elf (1/3) Orc:2
  Swamp: Lair:2-3    Shoals: Lair:2-3    Vaults: D:13-14

Altars:
Ashenzari
Cheibriados
Dithmenos
Elyvilon
Fedhas
Gozag
Hepliaklqana
Kikubaaqudgha
Makhleb
Nemelex Xobeh
Okawaru
Qazlal
Ru
Sif Muna
Trog
Uskayaw
Vehumet
Wu Jian
Xom
Yredelemnul
Zin
The Shining One

Shops:
D:12 !   Orc:1 [   Orc:2 (**?[*:!

Portals:
Pandemonium: Orc:2

Annotations:
D:4 1 runed translucent door, hawla's ghost, amateur MeIE
Lair:1 2 transporters
Lair:3 2 runed translucent doors, Psyclone's ghost, journeyman DECj


Innate Abilities, Weirdness & Mutations

You have a pair of horns on your head.
You reflexively headbutt those who attack you in melee.
You have supernaturally acute eyesight. (SInv)
Your flesh is cold resistant. (rC+)
Your body sometimes deteriorates upon taking damage.


Message History

The wizard says, "Dogrw nutew berg."
The wizard gestures wildly while chanting.
The wizard blinks!
The fire dragon bites you but does no damage.
The fire dragon claws you but does no damage.
The fire dragon barely misses you. You block the basilisk's attack.
Your limbs are stiffening.
You hit the fire dragon. You headbutt the fire dragon.
The fire dragon is lightly wounded.
You block the fire dragon's attack.
The fire dragon claws you but does no damage.
You block the fire dragon's attack. The basilisk gazes at you.
You easily resist.
The fire dragon breathes flames at you. The blast of flame hits you!
* * * LOW HITPOINT WARNING * * *
The basilisk bites you.
* * * LOW HITPOINT WARNING * * *
You have turned to stone.
The basilisk gazes at you. The fire dragon breathes flames at you.
The blast of flame hits you but does no damage.
The basilisk bites you but does no damage.
The fire dragon bites you.
The fire dragon claws you but does no damage.
The fire dragon tramples you.
* * * LOW HITPOINT WARNING * * *
You are shoved backwards!
The fire dragon breathes flames at you. The blast of flame hits you!!
* * * LOW HITPOINT WARNING * * *
The fire dragon bites you.
The fire dragon claws you but does no damage.
The fire dragon tramples you but does no damage.
The fire dragon bites you but does no damage.
The fire dragon claws you but does no damage.
The fire dragon tramples you but does no damage.
The fire dragon breathes flames at you. The blast of flame hits you!!!
You die...

.......##.....+...............#
..............#...............#
..............#######....l....#
..........!.>.......#.###.....#
.......#########....'.# #.....#
.......#....?..#....#.###.....###
.......#.......'....#............
.......#.....#°######..○.........
.......#.....#..@D.°.☼.☼p........
########..>..#..°l....☼☼.........
.............#.°☼°.#○.#######....
.....##......#○°.°○#..# #....
.....##......#○....#..# #....
.....##......#...○.#..# #....
.....##......#..°.○#..#######....
................°○.○.............
#################################


You could see a fire dragon (very poisoned, catching breath) and a basilisk.

Vanquished Creatures
  Kirke (D:12)
  Snorg (D:10)
  2 boulder beetles
  A demonspawn (Orc:2)
  8 hydras
  2 two-headed ogres
  A merfolk avatar (Lair:5)
  2 dancing weapons (Elf:1)
  5 orc high priests (Orc:2)
  Nergalle (D:12)
  2 lindwurms
  4 orc knights (Orc:2)
  A harpy (Lair:5)
  A deep elf pyromancer (D:12)
  A manticore (D:12)
  8 orc sorcerers
  2 cyclopes (D:11)
  A rust devil (Orc:2)
  7 elephants
  Joseph (D:8)
  2 black mambas
  A gargoyle (D:8)
  10 cane toads
  5 rime drakes
  An unseen horror (D:12)
  7 komodo dragons
  A freezing wraith (D:13)
  A red devil (Orc:2)
  An ice devil (Orc:2)
  5 hornets
  A troll (Orc:2)
  5 slime creatures (D:13)
  A tyrant leech (Lair:3)
  Grinder (D:6)
  2 polar bears
  15 blink frogs
  2 snapping turtles (Lair:5)
  5 dream sheep (Lair:5)
  A shadow (D:13)
  2 ynoxinuls (Orc:2)
  45 yaks
  2 vampires
  3 wraiths
  4 wyverns
  A human (D:12)
  3 hogs (D:12)
  A basilisk (Lair:5)
  A chaos spawn (Orc:2)
  3 steam dragons
  9 vampire mosquitoes
  A warg (Orc:1)
  17 water moccasins
  3 ice beasts
  31 orc warriors
  2 sky beasts (D:7)
  3 black bears
  2 ogres (Orc:1)
  A phantom (D:7)
  3 wolves (Lair:2)
  A centaur (D:7)
  A kobold brigand (D:10)
  10 bullfrogs
  2 gnoll sergeants
  A necrophage (D:8)
  A scorpion (D:7)
  A cane toad simulacrum (Lair:1)
  13 wights
  5 electric eels
  A howler monkey (D:5)
  5 hounds
  24 orc priests
  4 jellies
  An iguana (D:7)
  21 orc wizards
  10 gnolls
  11 adders
  A shadow imp (D:5)
  4 white imps
  An ufetubus (D:4)
  2 worms (D:3)
  4 dart slugs
  90 orcs
  7 ball pythons
  5 endoplasms
  3 giant cockroaches
  11 goblins
  4 hobgoblins
  4 jackals (D:1)
  7 quokkas
  6 bats
  3 frilled lizards
  11 kobolds
  2 rats (D:1)
533 creatures vanquished.

Vanquished Creatures (others)
  A scorpion (D:6)
  An orc priest (D:4)
  An adder (D:6)
  4 orcs (D:4)
  30 fungi
  84 plants
121 creatures vanquished.

Grand Total: 654 creatures vanquished

Notes
Turn   | Place    | Note
-------+----------+-------------------------------------------
     0 | D:1      | Balder the Minotaur Fighter began the quest for the Orb.
     0 | D:1      | Reached XP level 1. HP: 19/19 MP: 0/0
   229 | D:1      | Reached XP level 2. HP: 27/27 MP: 1/1
   369 | D:1      | Found a faded altar of an unknown god.
  1098 | D:2      | Reached XP level 3. HP: 33/33 MP: 2/2
  1136 | D:2      | Found an opulent altar of Gozag.
  2294 | D:3      | Reached XP level 4. HP: 23/40 MP: 3/3
  2299 | D:3      | Reached skill level 1 in Maces & Flails
  2299 | D:3      | Reached skill level 1 in Dodging
  2301 | D:3      | Reached skill level 1 in Short Blades
  2964 | D:4      | Reached XP level 5. HP: 46/46 MP: 4/4
  3021 | D:4      | Found a runed translucent door.
  3045 | D:4      | Noticed hawla's ghost (amateur MeIE)
  3046 | D:4      | Noticed a sky beast
  3198 | D:4      | Noticed an ice beast
  3209 | D:4      | Killed an ice beast
  3210 | D:4      | Reached skill level 1 in Throwing
  3210 | D:4      | Reached XP level 6. HP: 28/53 MP: 5/5
  3891 | D:4      | Identified the +1 helmet of Diofoef {rElec Will+}
  4047 | D:4      | Reached skill level 5 in Shields
  4404 | D:4      | Found a staircase to the Ecumenical Temple.
  4413 | Temple   | Entered the Ecumenical Temple
  4436 | Temple   | Became a worshipper of Warmaster Okawaru
  4650 | D:5      | Entered Level 5 of the Dungeon
  4954 | D:5      | Reached skill level 5 in Armour
  4975 | D:5      | Reached XP level 7. HP: 56/60 MP: 6/6
  5534 | D:5      | Reached * piety under Okawaru
  6188 | D:6      | Reached skill level 5 in Fighting
  6188 | D:6      | Reached XP level 8. HP: 45/68 MP: 4/7
  7079 | D:6      | Noticed Grinder
  7102 | D:6      | Paralysed by Grinder for 2 turns
  7103 | D:6      | Killed Grinder
  7103 | D:6      | Reached ** piety under Okawaru
  7361 | D:7      | Reached skill level 1 in Invocations
  7378 | D:7      | Reached skill level 5 in Maces & Flails
  7586 | D:7      | Reached skill level 5 in Dodging
  7586 | D:7      | Reached XP level 9. HP: 15/74 MP: 8/8
  8165 | D:7      | Identified the +9 short sword of Ugresch {drain, Int+3}
  8340 | D:7      | Found a white marble altar of Elyvilon.
  8677 | D:8      | Reached *** piety under Okawaru
  8678 | D:8      | Reached skill level 5 in Axes
  8687 | D:8      | Found a bloodstained altar of Trog.
  8863 | D:8      | Noticed Joseph
  8895 | D:8      | Killed Joseph
  8895 | D:8      | Received a gift from Okawaru
  9070 | D:8      | Identified the +11 short sword of the Purse {holy, rElec
                  | rN+ Dex+2}
  9092 | D:8      | Noticed a gargoyle
  9116 | D:8      | Killed a gargoyle
  9124 | D:8      | Reached XP level 10. HP: 62/83 MP: 10/10
  9394 | D:8      | Found a shimmering blue altar of Sif Muna.
  9584 | D:8      | Found a hazy altar of Hepliaklqana.
  9585 | D:8      | Found a faded altar of an unknown god.
 10234 | D:9      | Reached skill level 5 in Short Blades
 10379 | D:9      | Reached **** piety under Okawaru
 10995 | D:10     | Entered Level 10 of the Dungeon
 11314 | D:10     | Noticed Snorg
 11581 | D:10     | Killed Snorg
 11581 | D:10     | Reached ***** piety under Okawaru
 11610 | D:10     | Found a staircase to the Lair.
 11708 | D:10     | Received a gift from Okawaru
 12063 | D:10     | Found a burning altar of Makhleb.
 12077 | D:10     | Noticed a two-headed ogre
 12090 | D:10     | Killed a two-headed ogre
 12091 | D:10     | Reached skill level 5 in Throwing
 12340 | D:10     | Reached XP level 11. HP: 91/91 MP: 13/13
 12498 | Lair:1   | Entered Level 1 of the Lair of Beasts
 12498 | Lair:1   | Found a frozen archway.
 12654 | Lair:1   | Found a transporter.
 12694 | Lair:1   | Found a transporter.
 12735 | Lair:1   | Identified the +2 leather armour of Xom's Hatred {Harm
                  | +Blink rN+++ Dex-3}
 12735 | Lair:1   | Noticed a four-headed hydra
 12765 | Lair:1   | Killed a four-headed hydra
 12765 | Lair:1   | Identified the +4 mace "Yzulin" {venom, rCorr} (Okawaru
                  | gifted it to you on level 1 of the Lair of Beasts)
 12765 | Lair:1   | Received a gift from Okawaru
 13875 | Lair:2   | Reached skill level 1 in Stealth
 14150 | Lair:2   | Noticed a six-headed hydra
 14161 | Lair:2   | Killed a six-headed hydra
 14571 | Lair:2   | Found a hole to the Spider Nest.
 14571 | Lair:2   | Noticed an orb spider
 14895 | Lair:2   | Reached skill level 5 in Invocations
 15414 | Lair:2   | You are sucked into a shaft and drop 2 floors!
 15445 | Lair:4   | Found a staircase to the Slime Pits.
 15529 | Lair:4   | Reached XP level 12. HP: 56/100 MP: 15/15
 16992 | Lair:3   | Reached skill level 10 in Shields
 17143 | Lair:3   | Identified the +5 spear "Jelly's Death" {protect, Drain
                  | rElec Str+9 Dex+3}
 17151 | Lair:3   | Identified the -1 tower shield of Ufriwec {+Inv Regen+
                  | Stlth-} (Okawaru gifted it to you on level 3 of the Lair of
                  | Beasts)
 17151 | Lair:3   | Received a gift from Okawaru
 17693 | Lair:3   | Found a large runed translucent door.
 17693 | Lair:3   | Found a large runed translucent door.
 17709 | Lair:3   | Noticed Psyclone's ghost (journeyman DECj)
 18032 | Lair:4   | Reached skill level 1 in Polearms
 18080 | Lair:4   | Reached skill level 10 in Armour
 18248 | Lair:4   | Noticed an eight-headed hydra
 18260 | Lair:4   | Killed an eight-headed hydra
 19190 | Lair:5   | Entered Level 5 of the Lair of Beasts
 19190 | Lair:5   | Noticed a boulder beetle
 19190 | Lair:5   | Noticed an eight-headed hydra
 19204 | Lair:4   | Killed an eight-headed hydra
 19261 | Lair:4   | Killed a boulder beetle
 19315 | Lair:5   | Noticed an eight-headed hydra
 19332 | Lair:5   | Killed an eight-headed hydra
 19333 | Lair:5   | Reached XP level 13. HP: 73/107 MP: 14/16
 19353 | Lair:5   | Identified the +1 robe "Nineyh" {Int+4 Dex+7} (Okawaru
                  | gifted it to you on level 5 of the Lair of Beasts)
 19353 | Lair:5   | Received a gift from Okawaru
 19434 | Lair:5   | Reached ****** piety under Okawaru
 20424 | Lair:5   | HP: 3/107 [drowned by a drowned soul[a merfolk avatar]
                  | (17)]
 20550 | Lair:5   | Identified the +9 plate armour of Wu Jian, Twisting {Int+4}
 21414 | D:11     | Reached skill level 10 in Maces & Flails
 21742 | D:12     | Found an iron altar of Okawaru.
 22053 | D:12     | Found Humesask's Distillery.
 22085 | D:12     | Found a staircase to the Orcish Mines.
 22208 | D:12     | Received a gift from Okawaru
 22209 | D:12     | Reached skill level 5 in Polearms
 22337 | D:12     | Noticed Kirke
 22377 | D:12     | Noticed a sphinx
 22377 | D:12     | Killed Kirke
 22521 | D:12     | Noticed Nergalle
 22543 | D:12     | Killed Nergalle
 22544 | D:12     | Reached skill level 5 in Stealth
 22941 | Orc:1    | Entered Level 1 of the Orcish Mines
 22941 | Orc:1    | Found Cieto's Armour Shop.
 23181 | Orc:2    | Entered Level 2 of the Orcish Mines
 23181 | Orc:2    | Found Nomojow's General Store.
 23184 | Orc:2    | Found Sibluegh's Antique Weapon Shoppe.
 23200 | Orc:2    | Bought a scroll of fear for 60 gold pieces
 23210 | Orc:2    | Bought a slimy rapier for 342 gold pieces
 23210 | Orc:2    | Identified the +8 rapier "Turrifakab" {drain, Will+ Str+4
                  | SInv} (You bought it in a shop on level 2 of the Orcish
                  | Mines)
 23240 | Orc:2    | Found a staircase to the Elven Halls.
 23384 | Orc:2    | Found Meahamed's General Store.
 23486 | Orc:2    | Found Jutiniela's Magic Scroll Shoppe.
 23547 | Orc:2    | Reached XP level 14. HP: 112/116 MP: 18/18
 23793 | Orc:2    | Paralysed by an orc sorcerer for 2 turns
 23800 | Orc:2    | Paralysed by an orc sorcerer for 2 turns
 25039 | Orc:2    | Found Fiakh's Distillery.
 25051 | Orc:2    | Found Suzeaf's General Store.
 25250 | Orc:2    | Bought a potion of might for 44 gold pieces
 25250 | Orc:2    | Bought a potion of heal wounds for 55 gold pieces
 25256 | Orc:2    | Bought a wand of roots (2) for 72 gold pieces
 25433 | Orc:2    | Paralysed by an orc sorcerer for 3 turns
 25706 | Orc:2    | Received a gift from Okawaru
 25814 | Orc:2    | Paralysed by an orc sorcerer for 5 turns
 25933 | Orc:2    | Gained mutation: Your body sometimes deteriorates upon
                  | taking damage. [potion of mutation]
 25933 | Orc:2    | Gained mutation: You are occasionally teleported next to
                  | monsters. [potion of mutation]
 25933 | Orc:2    | Gained mutation: You have an increased reservoir of magic.
                  | (+10% MP) [potion of mutation]
 25933 | Orc:2    | Gained mutation: You are robust. (+10% HP) [potion of
                  | mutation]
 25934 | Orc:2    | Lost mutation: You are occasionally teleported next to
                  | monsters. [potion of mutation]
 25934 | Orc:2    | Lost mutation: You are robust. (+10% HP) [potion of
                  | mutation]
 25934 | Orc:2    | Lost mutation: You have an increased reservoir of magic.
                  | (+10% MP) [potion of mutation]
 25934 | Orc:2    | Gained mutation: You have supernaturally acute eyesight.
                  | (SInv) [potion of mutation]
 25934 | Orc:2    | Gained mutation: Your flesh is cold resistant. (rC+)
                  | [potion of mutation]
 26326 | Orc:2    | Received a gift from Okawaru
 26339 | Orc:2    | Reached skill level 10 in Dodging
 26362 | Orc:2    | Found Dileruug's Book Emporium.
 26362 | Orc:2    | Found Ronler's Antique Armour Shoppe.
 26362 | Orc:2    | Found a one-way gate leading to the halls of Pandemonium.
 26427 | Orc:2    | Bought a scroll of identify for 30 gold pieces
 26529 | Orc:2    | Bought a scroll of fear for 60 gold pieces
 26529 | Orc:2    | Bought a scroll of identify for 30 gold pieces
 26571 | Orc:1    | You fall into a shaft and drop 1 floor!
 26740 | Orc:1    | Identified the +1 pair of gloves "Laah" {Regen+ Dex+10}
                  | (Okawaru gifted it to you on level 1 of the Orcish Mines)
 26740 | Orc:1    | Received a gift from Okawaru
 27044 | Elf:1    | Entered Level 1 of the Elven Halls
 27347 | D:13     | Noticed a tengu reaver
 27623 | D:13     | HP: 1/116 [fire dragon/blast of flame (16)]
 27626 | D:13     | Killed from afar by a fire dragon

Illustrated notes

Levels and vault maps discovered:
D:1:      dpeg_arrival_concentric_ovals, layout_basic,
          hellmonk_ecumenical_altar_run_dry, nicolae_kite_square_tiling_tiny,
          nicolae_figureground_pulse
D:2:      layout_loops_corners, basic_altar
D:3:      layout_basic
D:4:      layout_loops_corners, lemuel_temple_firewalk_a,
          ebering_ghost_inner_flame
D:5:      nicolae_cairo_tiling_very_big, layout_loops_ring
D:6:      layout_loops_cross, uniq_grinder
D:7:      nicolae_cairo_tiling_large_dashed, layout_loops_ring,
          amcnicky_altar_gilded, enter_bailey_4
D:8:      layout_cave_pools, mainiacjoe_overflow_chevrons,
          beargit_hepliaklqana_dungeon_heroes, mainiacjoe_overflow_catwalk,
          minmay_misc_feat_hallway, uniq_joseph
D:9:      layout_loops_ring
D:10:     layout_cave_pools, mainiacjoe_overflow_cross_hatched,
          lair_entry_dummy, uniq_snorg
D:11:     layout_loops_ring
D:12:     layout_basic, orc_0_dummy, serial_shops, nicolae_shop_window_shopping,
          grunt_decor_one_mirror, okawaru_metal_pillars_1_2, uniq_nergalle,
          uniq_kirke
D:13:     minmay_bad_star, layout_stronghold
Temple:   sentei_temple_godly_chess
Lair:1:   gammafunk_worm_tunnel, layout_chaotic_city,
          portal_ice_cave_entry_ice_simulacra, chequers_serial_rivers_room_b,
          grunt_forest_small_clearing_treed
Lair:2:   layout_small_grid, nicolae_spider_entry_orb_guardian,
          chequers_serial_rivers_micro_d, grunt_megastairs_2
Lair:3:   layout_layer_cave, minmay_swamp_entry_worms,
          ebering_ghost_disaster_area, chequers_serial_rivers_small_b,
          serial_bayou_lagoon_b
Lair:4:   cheibrodos_lair_overgrown_chateau, layout_regular_city, slime_entry_1
Lair:5:   gammafunk_lair_ancient_temple, layout_misc_corridors,
          chequers_serial_rivers_micro_c, serial_bayou_shore_a
Orc:1:    layout_caves, serial_shops, shop, mines1_david
Orc:2:    pf_orc_diabolical, layout_caves, serial_shops,
          nicolae_shop_temple_entry_statues_fountains, nicolae_shop_waterfront,
          shop, nicolae_diamond_shop, nicolae_orc_flooded_monolith
Elf:1:    layout_onion_city, serial_shops, nicolae_shop_behind_doors,
          basic_altar, kennysheep_underground_church

Skill      XL: |  1  2  3  4  5  6  7  8  9 10 11 12 13 14 |
---------------+-------------------------------------------+-----
Fighting       | 4 5 6 7 8 |  8.7
Armour         | 4 5 6 7 8 9 10 11 | 11.6
Shields        | 4 5 6 7 8 9 10 11 | 11.7
Axes           | 3 4 5 6 7 8 |  8.3
Maces & Flails | 1 2 3 5 6 7 8 9 10 | 10.8
Dodging        | 1 2 3 5 6 7 8 9 10 | 10.1
Short Blades   | 1 2 3 4 6 7 8 9 |  9.4
Throwing       | 1 2 3 5 6 7 8 |  8.2
Invocations    | 1 2 4 5 6 7 8 |  8.0
Stealth        | 2 3 5 |  5.5
Polearms       | 3 5 6 |  6.0
Staves         | |  0.1
Ranged Weapons | |  0.3

Action                   |  1- 3 |  4- 6 |  7- 9 | 10-12 | 13-15 || total
-------------------------+-------+-------+-------+-------+-------++-------
Melee: War axe           |    63 |   123 |    67 |       |       ||   253
       Headbutt          |    13 |    18 |    70 |   177 |   257 ||   535
       Dagger            |    34 |    10 |       |       |       ||    44
       Whip              |       |       |   157 |    72 |       ||   229
       Short sword       |       |       |   102 |   195 |   244 ||   541
       Mace              |       |       |       |   451 |   666 ||  1117
       Quick blade       |       |       |       |       |    41 ||    41
       Unarmed           |       |       |       |       |    10 ||    10
       Rapier            |       |       |       |       |    63 ||    63
Throw: Dart              |       |     5 |       |       |    42 ||    47
       Boomerang         |       |       |       |    26 |    26 ||    52
Invok: Heroism           |       |       |     3 |     8 |    10 ||    21
Evoke: Wand              |       |       |       |    12 |     9 ||    21
       Lightning rod     |       |       |       |       |     3 ||     3
  Use: Scroll            |       |       |    11 |    18 |    19 ||    48
       Potion            |       |       |     3 |     5 |     9 ||    17
 Stab: Invisible         |       |       |       |     7 |     3 ||    10
       Paralysed         |       |       |       |     2 |       ||     2
Armor: Scale mail        |     6 |       |       |       |       ||     6
       Chain mail        |    46 |       |       |       |       ||    46
       Plate armour      |     5 |    85 |   152 |   355 |   362 ||   959
Dodge: Dodged            |    29 |    32 |    75 |   233 |   184 ||   553
Block: Buckler           |    34 |    84 |   172 |   242 |       ||   532
       Reflection        |     1 |     3 |    11 |     4 |    16 ||    35
       Other             |       |       |     1 |       |     1 ||     2
       Tower shield      |       |       |       |   279 |  1060 ||  1339
